 Dungeon Crawl Stone Soup version 0.32-a0-571-gec57dfcd37 (webtiles) character file.

Game seed: 18354791668782849066

13383 jestert79 the Spear-Bearer (level 11, -8/97 HPs)
             Began as a Grey Draconian Reaver on Feb 29, 2024.
             Succumbed to a black mamba's poison
             ... on level 1 of the Lair of Beasts on Mar 1, 2024.
             The game lasted 00:54:37 (12031 turns).

jestert79 the Spear-Bearer (Grey Draconian Reaver) Turns: 12031, Time: 00:54:37

Health: -8/97      AC: 25    Str: 25    XL:     11   Next: 74%
Magic:  12/14      EV: 12    Int: 20    God:
Gold:   771        SH:  5    Dex: 10    Spells: 4/14 levels left

rFire   + . .        K - +2 glaive (protect)
rCold   + . .        (shield currently unavailable)
rNeg    . . .        (body armour unavailable)
rPois   .            (helmet restricted)
rElec   .            y - +1 cloak "Budix" {Str+7}
rCorr   +            l - +2 pair of gloves {Stlth+}
SInv    .            p - +0 pair of boots
Will    +....        g - amulet of reflection
Stlth   ++           x - ring "Liecwuyni" {rF+ rC+ Will+}
HPRegen 0.36/turn    M - ring "Cicoh" {Wiz rCorr Str+3 Int+3}
MPRegen 0.14/turn

%: reflection, wizardry (x1)
@: lethally poisoned (-8 -> -51), under a protective aura
A: mud breath, mud-swimmer, AC +12, amphibious, unfitting armour, cold-blooded
a: Mud Breath


You were on level 1 of the Lair of Beasts.
You visited 3 branches of the dungeon, and saw 12 of its levels.
You also visited: Bailey.

You collected 1917 gold pieces.
You spent 1146 gold pieces at shops.

Inventory:

Hand Weapons
 t - a +1 trident
 F - a +2 halberd
 K - a +2 glaive of protection (weapon)
Missiles
 a - 13 curare-tipped darts
 m - 34 poisoned darts (quivered)
 E - 2 throwing nets
Armour
 l - a +2 pair of gloves of stealth (worn)
 p - a +0 pair of boots (worn)
 s - an orb of light
 y - the +1 cloak "Budix" (worn) {Str+7}
   (You bought it in a shop on level 6 of the Dungeon)

   Str+7:     It affects your strength (+7).
Jewellery
 g - an amulet of reflection (around neck)
 n - a ring of fire
 x - the ring "Liecwuyni" (left hand) {rF+ rC+ Will+}
   (You found it on level 5 of the Dungeon)

   [ring of protection from cold]

   rF+:       It protects you from fire.
   rC+:       It protects you from cold.
   Will+:     It increases your willpower.
 z - a +5 ring of evasion
 H - an amulet of regeneration
 L - the ring "Hiset" {rCorr Int+3 SInv}
   (You acquired it on level 10 of the Dungeon)

   [ring of see invisible]

   Int+3:     It affects your intelligence (+3).
   SInv:      It lets you see invisible.
   rCorr:     It protects you from acid and corrosion.
 M - the ring "Cicoh" (right hand) {Wiz rCorr Str+3 Int+3}
   (You acquired it on level 10 of the Dungeon)

   [ring of wizardry]

   Wiz:       It improves your spell success rate.
   Str+3:     It affects your strength (+3).
   Int+3:     It affects your intelligence (+3).
   rCorr:     It protects you from acid and corrosion.
 N - an amulet of guardian spirit
Wands
 v - a wand of mindburst (7)
 B - a wand of polymorph (18)
 C - a wand of iceblast (20)
Scrolls
 b - 2 scrolls of enchant weapon
 c - 3 scrolls of vulnerability
 j - a scroll of revelation
 k - a scroll of poison
 o - 2 scrolls of enchant armour
 u - 2 scrolls of immolation
 w - 5 scrolls of teleportation
 D - a scroll of amnesia
 G - a scroll of fear {unknown}
 J - a scroll of blinking {unknown}
 O - 2 scrolls of identify
Potions
 d - 11 potions of curing
 e - a potion of ambrosia
 f - 3 potions of might
 h - 2 potions of lignification
 i - a potion of mutation
 q - a potion of degeneration {unknown}
 r - a potion of berserk rage
 A - a potion of resistance
 I - a potion of enlightenment {unknown}
 P - a potion of heal wounds


   Skills:
 - Level 9.0 Fighting
 * Level 14.4 Polearms
 - Level 3.0 Dodging
 - Level 2.0 Spellcasting
 - Level 4.0 Conjurations
 + Level 9.3 Translocations


You had 4 spell levels left.
You knew the following spells:

 Your Spells              Type           Power      Damage    Failure   Level
a - Kiss of Death         Conj/Necr      40%        2d8       2%          1
b - Momentum Strike       Conj/Tloc      56%        3d9       1%          2
c - Gell's Gravitas       Tloc           39%        N/A       1%          3
d - Manifold Assault      Tloc           39%        N/A       1%          4

Your spell library contained the following spells:

 Spells                   Type           Power      Damage    Failure   Level
 Magic Dart               Conj           72%        1d6       1%          1
 Blink                    Tloc           78%        N/A       1%          2
 Lesser Beckoning         Tloc           78%        N/A       1%          2
 Teleport Other           Tloc           39%        N/A       1%          3
 Shock                    Conj/Air       40%        1d5       2%          1
 Sting                    Conj/Alch      40%        1d5       2%          1
 Volatile Blastmotes      Fire/Tloc      40%        2d13      2%          3
 Summon Small Mammal      Summ           8%         N/A       6%          1
 Dazzling Flash           Conj/Hex       20%        N/A       9%          3
 Hailstorm                Conj/Ice       10%        3d6       9%          3
 Call Imp                 Summ           4%         N/A       10%         2
 Mercury Vapours          Alch/Air       4%         N/A       10%         2
 Call Canine Familiar     Summ           2%         N/A       19%         3
 Swiftness                Air            2%         N/A       19%         3
 Airstrike                Air            1%         2d(1-17)  50%         4
 Anguish                  Hex/Necr       1%         N/A       50%         4
 Cause Fear               Hex            1%         N/A       50%         4
 Olgreb's Toxic Radiance  Alch           2%         N/A       50%         4
 Summon Blazeheart Golem  Fire/Summ      2%         N/A       50%         4
 Dispersal                Tloc           19%        N/A       21%         6
 Silence                  Hex/Air        1%         N/A       83%         5
 Yara's Violent Unravell  Hex/Alch       1%         3d3       83%         5
 Starburst                Conj/Fire      5%         6d4       98%         6
 Enfeeble                 Hex            1%         N/A       100%        7
 Disjunction              Tloc           19%        N/A       100%        8
 Maxwell's Capacitive Co  Air            1%         ∞         100%        8


Dungeon Overview and Level Annotations

Branches:
Dungeon (10/15)            Temple (1/1) D:6            Lair (1/5) D:8
 Bailey (visited)
    Orc: D:9-12

Altars:
Ashenzari
Cheibriados
Dithmenos
Elyvilon
Fedhas
Gozag
Hepliaklqana
Kikubaaqudgha
Makhleb
Nemelex Xobeh
Okawaru
Qazlal
Ru
Sif Muna
Trog
Uskayaw
Vehumet
Wu Jian
Xom
Yredelemnul
Zin
The Shining One

Shops:
D:3 !   D:4 [   D:6 [

Annotations:
D:7 4 runed translucent doors, Crazy Yiuf; Dittersdorf's ghost, novice GrFi


Innate Abilities, Weirdness & Mutations

You can breathe torrents of mud.
You are unimpeded by mud.
Your dull iron-grey scales are very hard. (AC +12)
You are amphibious.
You cannot fit into any form of body armour.
You are cold-blooded and may be slowed by cold attacks.


Message History

You barely miss the black mamba.
The black mamba is heavily wounded.
You feel sick. The black mamba misses you. The black mamba bites you.
You are more poisoned.
The black mamba poisons you!
You hit the black mamba.
Your weapon exudes an aura of protection.
The black mamba is severely wounded.
You feel very sick. The black mamba closely misses you.
The black mamba bites you.
You are more poisoned.
The black mamba poisons you!
You closely miss the black mamba. You tail-slap the black mamba.
The black mamba is severely wounded.
You feel extremely sick. The black mamba closely misses you.
The black mamba bites you but does no damage.
Unknown command.
You hit the black mamba but do no damage.
The black mamba is severely wounded.
You feel extremely sick. The black mamba bites you.
* * * LOW HITPOINT WARNING * * *
You are lethally poisoned!
The black mamba poisons you!
The black mamba bites you but does no damage.
You closely miss the black mamba.
The black mamba is severely wounded.
* * * LOW HITPOINT WARNING * * *
You feel extremely sick. The black mamba bites you.
* * * LOW HITPOINT WARNING * * *
You are more poisoned.
The black mamba poisons you!
You slash the black mamba!
You kill the black mamba!
* * * LOW HITPOINT WARNING * * *
You feel extremely sick.
Unknown command.
You die...

##...## .......
#....# .......
#P...# .......
##...#### .......
#...##.#####.......
#..................
#..................
#..............>....
#.........@.........
##.............$....
...
#..................
... .
#..##+#####P..#####
#.###. #..
##..#######.##..
..#...........
...#.......##.
..##.......##.
.......<.##.


There were no monsters in sight!

Vanquished Creatures
  A boulder beetle (D:9)
  A two-headed ogre (D:9)
  An orc knight (Bailey)
  A black mamba (Lair:1)
  2 cane toads (Lair:1)
  2 rime drakes (Lair:1)
  2 unseen horrors
  3 komodo dragons (Lair:1)
  A troll (D:10)
  A hornet (D:9)
  Prince Ribbit (D:9)
  Sigmund (D:3)
  2 wraiths (D:10)
  A shadow (D:9)
  16 yaks
  2 wyverns
  A basilisk (Lair:1)
  A steam dragon (D:8)
  Edmund (D:5)
  6 water moccasins
  4 orc warriors (Bailey)
  A sky beast (D:6)
  3 black bears
  4 ogres
  A centaur (D:9)
  7 kobold brigands
  A gnoll sergeant (D:10)
  5 bullfrogs
  2 scorpions
  18 wights
  6 killer bees (D:9)
  2 howler monkeys
  A jelly (D:5)
  3 bombardier beetles
  3 gnoll boudas
  3 orc priests
  2 iguanas
  8 orc wizards
  15 gnolls
  3 adders
  A white imp (D:8)
  2 ufetubi (D:4)
  4 ribbon worms
  30 orcs
  10 bats
  4 endoplasms
  A giant cockroach (D:2)
  11 goblins
  13 hobgoblins
  5 jackals (D:1)
  2 quokkas
  4 ball pythons
  3 frilled lizards
  12 kobolds
  3 rats
244 creatures vanquished.

Vanquished Creatures (others)
  A kobold brigand (Bailey)
1 creature vanquished.

Grand Total: 245 creatures vanquished

Notes
Turn   | Place    | Note
-------+----------+-------------------------------------------
     0 | D:1      | jestert79 the Draconian Reaver began the quest for the Orb.
     0 | D:1      | Reached XP level 1. HP: 17/17 MP: 3/3
   194 | D:1      | Reached XP level 2. HP: 21/24 MP: 5/5
   654 | D:2      | Reached skill level 4 in Polearms
   755 | D:2      | Learned a level 2 spell: Momentum Strike
   958 | D:2      | Reached XP level 3. HP: 17/29 MP: 6/6
  1357 | D:2      | Reached skill level 1 in Translocations
  1768 | D:2      | Reached XP level 4. HP: 30/36 MP: 7/7
  2558 | D:3      | Found Vier's Distillery.
  2577 | D:3      | Noticed Sigmund
  2779 | D:3      | Reached skill level 5 in Polearms
  2779 | D:3      | Reached XP level 5. HP: 33/41 MP: 5/8
  2913 | D:3      | Killed Sigmund
  2914 | D:3      | Reached skill level 6 in Polearms
  2914 | D:3      | Reached XP level 6. HP: 48/48 MP: 7/9
  3179 | D:4      | Identified a scroll of acquirement
  3185 | D:3      | Acquired 788 gold pieces
  3200 | D:3      | Bought a potion of haste for 140 gold pieces
  3200 | D:3      | Bought a potion of curing for 42 gold pieces
  3200 | D:3      | Bought a potion of might for 56 gold pieces
  3200 | D:3      | Bought a potion of mutation for 112 gold pieces
  3200 | D:3      | Bought a potion of curing for 42 gold pieces
  3256 | D:4      | Found a stormy altar of Qazlal.
  3546 | D:4      | Reached skill level 7 in Polearms
  3875 | D:4      | Found Ukhosh's Armour Emporium.
  3883 | D:4      | Bought a +2 pair of gloves of stealth for 215 gold pieces
  3883 | D:4      | Bought a +0 pair of boots for 45 gold pieces
  3904 | D:4      | Your scales start taking on a dull iron-grey colour.
  3904 | D:4      | Reached XP level 7. HP: 41/55 MP: 10/10
  4014 | D:4      | Learned a level 3 spell: Gell's Gravitas
  4214 | D:4      | Found a basalt altar of Yredelemnul.
  4236 | D:5      | Entered Level 5 of the Dungeon
  4443 | D:5      | Identified the ring "Liecwuyni" {rF+ rC+ Will+}
  4627 | D:5      | Noticed Edmund
  4650 | D:5      | Killed Edmund
  4651 | D:5      | Reached skill level 8 in Polearms
  4651 | D:5      | Reached XP level 8. HP: 41/63 MP: 8/11
  5191 | D:6      | Found a staircase to the Ecumenical Temple.
  5202 | Temple   | Entered the Ecumenical Temple
  5483 | D:6      | Found Xojets's Antique Armour Boutique.
  5488 | D:6      | Bought a bloodstained cloak for 247 gold pieces
  5488 | D:6      | Identified the +1 cloak "Budix" {Str+7} (You bought it in a
                  | shop on level 6 of the Dungeon)
  5799 | D:6      | Reached skill level 9 in Polearms
  5843 | D:6      | Found a hide-covered altar of Uskayaw.
  5843 | D:6      | Found an opulent altar of Gozag.
  5993 | D:6      | Reached skill level 5 in Fighting
  6112 | D:7      | Noticed an unseen horror
  6134 | D:7      | Killed an unseen horror
  6135 | D:7      | Reached XP level 9. HP: 58/74 MP: 12/12
  6253 | D:7      | Reached skill level 5 in Translocations
  6377 | D:7      | Found a runed translucent gate.
  6381 | D:7      | Found a runed translucent gate.
  6382 | D:7      | Found a runed translucent gate.
  6382 | D:7      | Noticed Dittersdorf's ghost (novice GrFi)
  6383 | D:7      | Noticed a kobold demonologist
  6421 | D:7      | Reached skill level 10 in Polearms
  6884 | D:7      | Found a runed translucent door.
  6885 | D:7      | Noticed Crazy Yiuf
  7128 | D:8      | Reached skill level 11 in Polearms
  7253 | D:8      | Found a staircase to the Lair.
  7284 | D:8      | Found a shadowy altar of Dithmenos.
  7727 | D:6      | Bought a pair of slimy gloves for 247 gold pieces
  7727 | D:6      | Identified the +0 pair of gloves "Kuathe" {Will+ Str+2
                  | Stlth+} (You bought it in a shop on level 6 of the Dungeon)
  7926 | D:8      | Reached XP level 10. HP: 85/85 MP: 13/13
  9170 | D:9      | Noticed a boulder beetle
  9193 | D:9      | Killed a boulder beetle
  9194 | D:9      | Reached skill level 12 in Polearms
  9283 | D:9      | Noticed Prince Ribbit
  9304 | D:9      | Killed Prince Ribbit
  9429 | D:9      | Acquired a book of the Warp
  9526 | D:9      | Noticed a two-headed ogre
  9532 | D:9      | Killed a two-headed ogre
  9776 | D:10     | Entered Level 10 of the Dungeon
  9778 | D:10     | Acquired the ring "Hiset" {rCorr Int+3 SInv}
  9780 | D:10     | Acquired the ring "Cicoh" {Wiz rCorr Str+3 Int+3}
  9782 | D:10     | Acquired a +2 glaive of protection
  9888 | D:10     | Found a flagged portal.
  9910 | Bailey   | Entered a bailey
 10054 | Bailey   | Noticed an orc knight
 10092 | Bailey   | Killed an orc knight
 10093 | Bailey   | Reached XP level 11. HP: 67/95 MP: 8/14
 10318 | Bailey   | Found a bloodstained altar of Trog.
 10431 | D:10     | Reached skill level 13 in Polearms
 10647 | D:10     | Learned a level 4 spell: Manifold Assault
 11104 | D:10     | Acquired Xerch's Quarto of the Faeries and Pollution
 11334 | Lair:1   | Entered Level 1 of the Lair of Beasts
 11678 | Lair:1   | Reached skill level 14 in Polearms
 11807 | Lair:1   | Found an iron altar of Okawaru.
 12030 | Lair:1   | HP: 2/97 [poisoned by a black mamba]
 12031 | Lair:1   | Succumbed to a black mamba's poison

Illustrated notes

Levels and vault maps discovered:
D:1:      psy_arrival_basics, layout_rooms, minmay_misc_feat_room
D:2:      layout_basic, grunt_ministairs_2, kennysheep_path_1,
          skrybe_limestone_x, kennysheep_generic_room_11
D:3:      layout_basic, serial_shops, shop, grunt_ministairs_2, uniq_sigmund
D:4:      layout_cave_pools, nicolae_overflow_hidden_temple, serial_park,
          serial_park_tiny_pond, serial_park_square1
          [serial_park_minivault_5x5_3], serial_park_gazebo
          [serial_park_minivault_5x5_4], serial_shops, shop, minmay_cupped
D:5:      layout_rooms, minmay_misc_feat_enclosed, uniq_edmund
D:6:      layout_gridville, gammafunk_temple_overflow_elements,
          minmay_temple_entry_sparse_star, serial_shops,
          nicolae_shop_rolling_square, hangedman_abyss_or_decor_lesser_grid,
          nicolae_hexahallways
D:7:      layout_rooms, gammafunk_ghost_nasty_kobolds, uniq_crazy_yiuf_cottage
D:8:      layout_basic, lemuel_round_altar, due_lair_maze_entry_diamond,
          grunt_ministairs_4
D:9:      layout_basic, kennysheep_generic_room_7, uniq_prince_ribbit1
D:10:     layout_long_grid, enter_bailey_4
Temple:   hc_temple_tempest_star
Lair:1:   beast_lair_carwin_large_1, layout_regular_city, basic_altar

Skill      XL: |  1  2  3  4  5  6  7  8  9 10 11 |
---------------+----------------------------------+-----
Polearms       | 4 5 6 7 8 9 11 12 14 | 14.4
Translocations | 1 2 3 4 6 7 9 |  9.3
Conjurations   | 4 |  4.0
Dodging        | 2 3 |  3.0
Fighting       | 3 5 7 8 9 |  9.0
Spellcasting   | |  2.0

Action                     |  1- 3 |  4- 6 |  7- 9 | 10-12 || total
---------------------------+-------+-------+-------+-------++-------
  Melee: Spear             |   221 |   106 |       |       ||   327
         Tailslap          |    16 |    15 |    37 |    43 ||   111
         Trident           |       |    67 |   266 |   136 ||   469
         Halberd           |       |       |       |   124 ||   124
         Glaive            |       |       |       |    82 ||    82
  Throw: Dart              |       |     4 |    17 |    20 ||    41
   Cast: Momentum Strike   |     1 |     6 |    16 |     3 ||    26
         Gell's Gravitas   |       |       |    12 |    14 ||    26
         Manifold Assault  |       |       |       |     5 ||     5
Ability: Mud Breath        |       |       |     4 |     4 ||     8
  Evoke: Wand              |       |       |     2 |     3 ||     5
    Use: Potion            |       |     2 |     2 |     4 ||     8
         Scroll            |       |    11 |     4 |     7 ||    22
   Stab: Sleeping          |       |     1 |     1 |     2 ||     4
 Armour: Skin              |   102 |    86 |   129 |   193 ||   510
  Dodge: Dodged            |   107 |    69 |   127 |   142 ||   445
  Block: Other             |       |    13 |       |    39 ||    52
         Reflection        |       |     3 |       |     5 ||     8

Table legend: (Time is in decaauts)
 A = Elapsed time spent in this place.
 B = Non-inter-level travel time spent in this place.
 C = Inter-level travel time spent in this place.
 D = Time resting spent in this place.
 E = Time spent auto-exploring this place.
 F = Levels seen in this place.
 G = Mean time per level.
                   A        B        C        D        E       F      G
               +--------+--------+--------+--------+--------+-----+--------+
         Total |  11909 |  10864 |   1045 |   2275 |   5584 |  13 |  916.1 |
       Dungeon |  10734 |   9691 |   1043 |   1855 |   5318 |  10 | 1073.4 |
        Temple |      1 |      0 |      1 |      0 |      0 |   1 |    1.0 |
          Lair |    697 |    697 |      0 |    218 |    239 |   1 |  697.0 |
        Bailey |    476 |    476 |      0 |    202 |     27 |   1 |  476.0 |
               +--------+--------+--------+--------+--------+-----+--------+

Top non-repeatable levels by time:
     D:8: 1670 daAuts
     D:2: 1577 daAuts
     D:3: 1169 daAuts
     D:9: 1070 daAuts
     D:7: 1047 daAuts
    D:10: 925 daAuts
     D:4: 913 daAuts
     D:6: 910 daAuts
     D:5: 824 daAuts
  Lair:1: 697 daAuts
     D:1: 624 daAuts
  Bailey: 476 daAuts
  Temple: 1 daAuts
